 Dungeon Crawl Stone Soup version 0.31.0-10-gcf4a605ca0 (webtiles) character file.

Game seed: 5203883722640059078

723 Flugkiller the Ruffian (level 7, -6/68 HPs)
             Began as a Troll Enchanter on Jan 25, 2024.
             Shot with an arrow by a centaur (8 damage)
             ... on level 7 of the Dungeon.
             The game lasted 00:03:45 (2632 turns).

Flugkiller the Ruffian (Troll Enchanter)            Turns: 2632, Time: 00:03:46

Health: -6/68      AC:  4    Str: 19    XL:     7   Next: 43%
Magic:  0/7        EV:  9    Int: 11    God:
Gold:   0          SH:  0    Dex: 10    Spells: 8/8 levels left

rFire   . .          .
                       - Unarmed
rCold   . . .        (no shield)
rNeg    . . .        b - +0 robe
rPois   .            (helmet restricted)
rElec   .            k - scarf {shadows}
rCorr   .            (gloves unavailable)
SInv    .            (boots unavailable)
Will    .....        (no amulet)
Stlth   ++           (no ring)
HPRegen 1.11/turn    (no ring)
MPRegen 0.10/turn

%: no passive effects
@: no status effects
A: large, unfitting armour, claws 3, regeneration 1, shaggy fur 1, tough skin 1
a: no special abilities


You were on level 7 of the Dungeon.
You visited 1 branch of the dungeon, and saw 6 of its levels.

Inventory:

Armour
 b - a +0 robe (worn)
 i - a +0 cloak
   (You found it on level 2 of the Dungeon)
 k - a scarf of shadows (worn)
   (You found it on level 3 of the Dungeon)
Wands
 p - a wand of charming (6)
   (You took it off Ijyb on level 3 of the Dungeon)
 t - a wand of polymorph (15)
   (You found it on level 4 of the Dungeon)


   Skills:
 + Level 3.7 Fighting
 - Level 0.7 Short Blades
 - Level 1.5 Dodging
 - Level 1.5 Stealth
 * Level 6.6 Unarmed Combat
 - Level 1.2 Spellcasting
 - Level 2.0 Hexes


You had 8 spell levels left.
You didn't know any spells.
Your spell library contained the following spells:

 Spells                   Type           Power      Damage    Failure   Level
 Ensorcelled Hibernation  Hex/Ice        4%         N/A       32%         2
 Confusing Touch          Hex            5%         N/A       38%         3
 Tukima's Dance           Hex            5%         N/A       38%         3
 Lesser Beckoning         Tloc           0%         N/A       43%         2
 Dazzling Flash           Conj/Hex       4%         N/A       54%         3
 Gell's Gravitas          Tloc           0%         N/A       67%         3
 Teleport Other           Tloc           0%         N/A       67%         3
 Dispersal                Tloc           0%         N/A       100%        6


Dungeon Overview and Level Annotations

Branches:
Dungeon (5/15) Zot: 26942
 Temple: D:4-7

Altars:
Gozag
Okawaru

Annotations:
D:7 Maurice


Innate Abilities, Weirdness & Mutations

You are too large for most types of armour.
You have claws for hands.
Your natural rate of healing is unusually fast.
You are covered in fur. (AC +1)
You have tough skin. (AC +1)


Message History

The centaur kicks you but does no damage.
Unknown command.
The orc attacks as it pursues you! The orc barely misses you.
The gnoll closely misses you. Maurice closely misses you.
Maurice bites you but does no damage.
You condense into your normal self.
Your scarf of shadows unmelds from your body.
Your +0 robe unmelds from your body.
It gets dark.
The orc attacks as it pursues you! The orc closely misses you.
The gnoll attacks as it pursues you! The gnoll hits you but does no damage.
Maurice hits you with a +0 dagger!
Maurice steals your +1 dagger!
Maurice bites you.
You feel your power leaking away. Maurice drains your magic.
Maurice hits you with a +0 dagger!
Maurice steals 35 gold pieces!
You now have 256 gold pieces.
Maurice closely misses you.
You scratch Maurice.
Maurice is lightly wounded.
Maurice zaps a wand.
You resist with some effort.
You claw Maurice!
Maurice is lightly wounded.
Maurice hits you with a +0 dagger.
Maurice steals 256 gold pieces!
You now have 0 gold pieces.
Maurice bites you.
You feel your power leaking away. Maurice drains your magic.
You claw Maurice! Your claw misses Maurice.
Maurice is moderately wounded.
Maurice closely misses you. Maurice bites you.
You feel your power leaking away. Maurice drains your magic.
You claw Maurice!
Maurice is heavily wounded.
The gnoll bouda gazes fiercely through you!
You feel your attacks grow feeble.
You miss Maurice.
Maurice is heavily wounded.
The gnoll is no longer moving quickly.
Maurice hits you with a +0 dagger.
Maurice mutters, "Now where did you hide it?"
Maurice bites you but does no damage.
You claw Maurice!
Maurice is severely wounded.
The gnoll bouda gazes fiercely through you!
You feel as though you will be weak longer.
Maurice hits you but does no damage. Maurice bites you.
Maurice drains your magic.
You miss Maurice.
Maurice is severely wounded.
The gnoll is no longer moving quickly.
Maurice hits you with a +0 dagger.
Maurice mutters, "Now where did you hide it?"
Maurice bites you but does no damage.
You claw Maurice! Your claw misses Maurice.
Maurice is severely wounded.
The gnoll is no longer moving quickly. x2; Maurice barely misses you.
Maurice bites you.
* * * LOW HITPOINT WARNING * * *
You feel your power leaking away. Maurice drains your magic.
You barely miss Maurice.
Maurice is severely wounded.
Maurice hits you with a +0 dagger.
* * * LOW HITPOINT WARNING * * *
Maurice mutters, "Now where did you hide it?"
Maurice bites you.
* * * LOW HITPOINT WARNING * * *
Maurice drains your magic.
You scratch Maurice.
Maurice is severely wounded.
Maurice looks sneaky.
Maurice zaps a wand.
You resist with some effort. Maurice attacks as he pursues you!
Maurice hits you but does no damage. Maurice bites you.
* * * LOW HITPOINT WARNING * * *
Maurice drains your magic.
Aiming: Charm
Press: ? - help, Shift-Dir - straight line, f - Maurice
Aim: Maurice, wielding a +0 dagger, wearing a +1 cloak of willpower and carrying a wand of polymorph (severely wounded, chance to affect: 17%) Maurice resists with almost no effort.
Maurice hits you with a +0 dagger!
* * * LOW HITPOINT WARNING * * *
Maurice groans, "What are you, a monk?" Maurice barely misses you.
Aiming: Charm
Press: ? - help, Shift-Dir - straight line, f/p - Maurice
Aim: Maurice, wielding a +0 dagger, wearing a +1 cloak of willpower and carrying a wand of polymorph (severely wounded, chance to affect: 17%) Maurice resists with almost no effort.
Maurice mumbles some strange words.
Maurice blinks!
Your attacks no longer feel as feeble.
The centaur wields a +0 shortbow.
The centaur shoots an arrow.
The arrow hits you!
* * * LOW HITPOINT WARNING * * *
You aren't carrying any potions.
Unknown command.
The centaur shoots an arrow.
The arrow hits you.
* * * LOW HITPOINT WARNING * * *
Maurice mumbles some strange words.
Maurice blinks!
Unknown command.
Found a scroll labelled LAIRCH TAIKH.
The centaur shoots an arrow.
The arrow hits you!
You die...

....... #.....# .......
#.....# ....... #.....#
.......##########gg...#######
.............ยง.c.og..........
........######.##.g..........
.......[### #.######........
..........####.######........
.......##....#@..............
.......#####.#.......########
########......f......
######.######...... #....(.#
...... #......# ......
#......# .?.... #......... #
#......##.


You could see Maurice and a centaur.

Vanquished Creatures
  Sigmund (D:2)
  A phantom (D:5)
  A bullfrog (D:5)
  A howler monkey (D:4)
  2 jellies (D:4)
  A hound (D:4)
  Ijyb (D:3)
  2 iguanas
  9 gnolls
  5 adders
  3 dart slugs
  A ribbon worm (D:3)
  An orc (D:4)
  A ball python (D:3)
  6 endoplasms
  4 giant cockroaches
  6 goblins
  11 hobgoblins
  5 jackals (D:3)
  3 quokkas
  8 bats
  6 frilled lizards
  8 kobolds
  4 rats
91 creatures vanquished.

Notes
Turn   | Place    | Note
-------+----------+-------------------------------------------
     0 | D:1      | Flugkiller the Troll Enchanter began the quest for the Orb.
     0 | D:1      | Reached XP level 1. HP: 16/16 MP: 1/1
    26 | D:1      | Reached skill level 1 in Unarmed Combat
    96 | D:1      | Reached XP level 2. HP: 26/26 MP: 2/2
   170 | D:1      | Reached skill level 1 in Fighting
   170 | D:1      | Reached skill level 2 in Unarmed Combat
   179 | D:1      | Reached XP level 3. HP: 24/33 MP: 3/3
   601 | D:2      | Noticed Sigmund
   613 | D:2      | Killed Sigmund
   614 | D:2      | Reached skill level 4 in Unarmed Combat
   614 | D:2      | Reached XP level 4. HP: 11/44 MP: 4/4
   614 | D:2      | Reached XP level 5. HP: 12/50 MP: 5/5
   698 | D:2      | Identified the +6 trident of the Real Monster {drain, rN+}
  1071 | D:3      | Reached XP level 6. HP: 59/59 MP: 6/6
  1097 | D:3      | Identified the +3 ring mail "Baceb" {Str+4}
  1176 | D:3      | Reached skill level 5 in Unarmed Combat
  1344 | D:3      | Noticed Ijyb
  1367 | D:3      | Killed Ijyb
  1574 | D:3      | Found a faded altar of an unknown god.
  1839 | D:4      | Found an iron altar of Okawaru.
  1842 | D:4      | Found an opulent altar of Gozag.
  2222 | D:4      | Reached XP level 7. HP: 64/67 MP: 7/7
  2286 | D:4      | Reached skill level 6 in Unarmed Combat
  2534 | D:5      | Entered Level 5 of the Dungeon
  2574 | D:5      | You fall into a shaft and drop 2 floors!
  2583 | D:7      | Noticed Maurice
  2613 | D:7      | Maurice stole a +1 dagger
  2614 | D:7      | Maurice stole 35 gold
  2618 | D:7      | Maurice stole 256 gold
  2630 | D:7      | HP: 3/68 [centaur/arrow (9)]
  2631 | D:7      | HP: 1/68 [centaur/arrow (3)]
  2632 | D:7      | Shot with an arrow by a centaur

Illustrated notes

Levels and vault maps discovered:
D:1:      lightli_iron_boxes, layout_rooms
D:2:      layout_basic, uniq_sigmund
D:3:      layout_rooms, chequers_ecumenical_altar_lobes, uniq_ijyb
D:4:      cheibrodos_greedy_goblins, layout_loops_ring, nicolae_overflow_squiral
D:5:      layout_loops_ring, jmf_multi_god_temple2
D:7:      layout_basic, temple_fountains, serial_shops,
          nicolae_shop_advertising_works [nicolae_subvault_shop_adworks],
          minmay_manual_mares, uniq_crazy_yiuf_cottage, uniq_maurice,
          uniq_joseph, uniq_duvessa

Skill      XL: |  1  2  3  4  5  6  7 |
---------------+----------------------+-----
Unarmed Combat | 1 2 4 5 6 |  6.6
Fighting       | 1 2 3 |  3.7
Short Blades   | |  0.7
Dodging        | |  1.5
Stealth        | |  1.5
Spellcasting   | |  1.2
Hexes          | |  2.0

Action                     |  1- 3 |  4- 6 |  7- 9 || total
---------------------------+-------+-------+-------++-------
  Melee: Unarmed           |    91 |   130 |    46 ||   267
         Punch             |       |     3 |       ||     3
  Evoke: Wand              |       |       |     2 ||     2
   Stab: Sleeping          |       |     1 |       ||     1
 Armour: Robe              |    50 |    82 |    39 ||   171
         Skin              |       |       |    11 ||    11
  Dodge: Dodged            |    50 |    56 |    27 ||   133
